 Dungeon Crawl Stone Soup version 0.30-b1-7-gcb88a99046 (webtiles) character file.

Game seed: 16965126037060593939

66 dialectric the Trooper (level 3, -27/30 HPs)
             Began as a Demonspawn Fighter on May 5, 2023.
             Was a Believer of Vehumet.
             Annihilated by an ogre
             ... wielding a +0 giant club
              (35 damage)
             ... on level 3 of the Dungeon.
             The game lasted 00:01:52 (1287 turns).

dialectric the Trooper (Demonspawn Fighter)         Turns: 1287, Time: 00:01:52

Health: -27/30     AC:  7    Str: 18    XL:     3   Next: 96%
Magic:  3/3        EV: 11    Int:  9    God:    Vehumet [**....]
Gold:   166        SH:  0    Dex: 12    Spells: 2/2 levels left

rFire   . . .        a - +0 long sword
rCold   . . .        (no shield)
rNeg    . . .        b - +0 scale mail
rPois   .            (helmet restricted)
rElec   .            (no cloak)
rCorr   .            (no gloves)
SInv    .            i - +0 pair of boots
Will    .....        (no amulet) Stlth
                     (no ring)
HPRegen 0.25/turn    (no ring)
MPRegen 0.08/turn

%: no passive effects
@: no status effects
A: antennae 1, repulsion field 1
a: Renounce Religion


You were on level 3 of the Dungeon.
You worshipped Vehumet.
Vehumet was pleased with you.
You visited 1 branch of the dungeon, and saw 3 of its levels.

You collected 166 gold pieces.

Inventory:

Hand Weapons
 a - a +0 long sword (weapon)
Armour
 b - a +0 scale mail (worn)
 c - a +0 buckler
 i - a +0 pair of boots (worn)
 k - a +0 helmet
Scrolls
 e - a scroll of enchant armour {unknown}
 f - a scroll of poison {unknown}
 g - 2 scrolls of amnesia {unknown}
 j - a scroll of noise {unknown}
 m - a scroll of identify {unknown}
 n - a scroll of blinking {unknown}
Potions
 d - a potion of might
 h - 2 potions of cancellation {unknown}
 l - 2 potions of heal wounds {unknown}


   Skills:
 + Level 3.9 Fighting
 + Level 2.6 Long Blades
 + Level 3.0 Armour
 + Level 0.4 Dodging
 + Level 0.1 Stealth
 - Level 2.6 Shields


You had 2 spell levels left.
You didn't know any spells.
Your spell library contained the following spells:

 Spells                   Type           Power      Damage    Failure   Level
 Searing Ray              Conj           0%         2d4       88%         2
 Sting                    Tmut/Pois      0%         1d3       77%         1
 Poisonous Vapours        Pois/Air       0%         N/A       88%         2
 Olgreb's Toxic Radiance  Pois           0%         N/A       100%        4


Dungeon Overview and Level Annotations

Branches:
Dungeon (3/15)

Altars:
Vehumet
Yredelemnul


Innate Abilities, Weirdness & Mutations

You have a pair of small antennae on your head.
You are surrounded by a mild repulsion field. (EV +2)


Message History

No target in view!
No target in view!
No target in view!
No target in view!
No target in view!
m - a scroll labelled ADWELOUGEE No target in view!
n - a scroll labelled YZYFRO NASHOG An ogre comes into view.
It is wielding a +0 giant club.
The ogre shouts!
An ogre is nearby!
An ogre is nearby!
The ogre barely misses you.
You hit the ogre.
The ogre is lightly wounded.
The ogre closely misses you.
You hit the ogre.
The ogre is lightly wounded.
The ogre closely misses you.
You slash the ogre!
The ogre is heavily wounded.
You hit the ogre.
The ogre is heavily wounded.
The ogre hits you with a +0 giant club!
You hit the ogre but do no damage.
The ogre is heavily wounded.
The ogre hits you with a +0 giant club!
Ouch! That really hurt!
* * * LOW HITPOINT WARNING * * *
You are too injured to fight recklessly!
You are too injured to fight recklessly!
You are too injured to fight recklessly!
You are too injured to fight recklessly!
You are too injured to fight recklessly!
You are too injured to fight recklessly!
You are too injured to fight recklessly!
The ogre attacks as you move away!
The ogre hits you with a +0 giant club!!
Ouch! That really hurt!
You die...

#......##.#
##.#######.#### #..#
#..... #.## #######. #.#
#...##.. #.# #.#..... ###
#######.######.......
#...#...##.........###..#
........@...####..##...##
.......O..#.# ##.#...###
..........#.# #....###
..........#.# #...##
............###..####
#...#...#...........#
#########.####..###.##
#.# #..###... .#
##........#


You could see an ogre.

Vanquished Creatures
  2 adders
  A worm (D:2)
  9 endoplasms
  4 giant cockroaches
  2 goblins
  4 hobgoblins
  A kobold (D:1)
  4 quokkas
  2 ball pythons
  7 bats
  2 frilled lizards (D:1)
  4 rats
42 creatures vanquished.

Notes
Turn   | Place    | Note
-------+----------+-------------------------------------------
     0 | D:1      | dialectric the Demonspawn Fighter began the quest for the
                  | Orb.
     0 | D:1      | Reached XP level 1. HP: 18/18 MP: 1/1
    83 | D:1      | Found a faded altar of an unknown god.
   137 | D:1      | Prayed at the altar of an unknown god.
   137 | D:1      | Became a worshipper of Vehumet
   137 | D:1      | Reached * piety under Vehumet
   137 | D:1      | Offered knowledge of Foxfire by Vehumet.
   152 | D:1      | Gained mutation: You are surrounded by a mild repulsion
                  | field. (EV +2) [demonic ancestry]
   152 | D:1      | Reached XP level 2. HP: 17/24 MP: 2/2
   510 | D:1      | Gained mutation: You have a pair of small antennae on your
                  | head. [demonic ancestry]
   510 | D:1      | Reached XP level 3. HP: 29/29 MP: 3/3
   510 | D:1      | You fall into a shaft and drop 1 floor!
   744 | D:2      | Offered knowledge of Searing Ray by Vehumet.
  1125 | D:3      | Found a basalt altar of Yredelemnul.
  1239 | D:3      | Reached ** piety under Vehumet
  1277 | D:3      | Noticed an ogre
  1287 | D:3      | Annihilated by an ogre

Illustrated notes

Levels and vault maps discovered:
D:1:      lemuel_arrival_room, layout_rooms, hellmonk_ecumenical_altar_lost_god
D:2:      layout_loops_ring, serial_shops, shop, due_unseen_surprise
D:3:      layout_rooms, general_overflow_altar, uniq_ijyb

Skill      XL: |  1  2  3 |
---------------+----------+-----
Long Blades    | 2 |  2.6
Armour         | 3 |  3.0
Fighting       | |  3.9
Dodging        | |  0.4
Stealth        | |  0.1
Shields        | |  2.6

Action                     || total
---------------------------++-------
  Melee: Long sword        ||   119
 Armour: Scale mail        ||    50
  Dodge: Dodged            ||    75
